 Dungeon Crawl Stone Soup version 0.26-a0-661-g406de6ba63 (webtiles) character file.

Game seed: 16248091189439094858

14 tacoguy the Vexing (level 2, 0/16 HPs)
             Began as a Kobold Arcane Marksman on Oct 8, 2020.
             Slain by a frilled lizard (1 damage)
             ... on level 1 of the Dungeon.
             The game lasted 00:02:03 (777 turns).

tacoguy the Vexing (Kobold Arcane Marksman)          Turns: 777, Time: 00:02:04

Health: 0/16       AC:  2    Str:  7    XL:     2   Next: 60%
Magic:  3/3        EV: 16    Int: 14    God:
Gold:   33         SH:  0    Dex: 15    Spells: 2/3 levels left

rFire    . . .     SeeInvis .   a - +0 hand crossbow
rCold    . . .     Faith    .   (shield restricted)
rNeg     . . .     Spirit   .   e - +0 robe
rPois    .         Reflect  .   (no helmet)
rElec    .         Harm     .   (no cloak)
rCorr    .         Rampage  .   (no gloves)
MR       .....                  (no boots)
Stlth    ++........             (no amulet)
HPRegen  0.05/turn              (no ring)
MPRegen  0.08/turn              (no ring)

@: no status effects
A: small, nightstalker 3
a: no special abilities


You were on level 1 of the Dungeon.
You visited 1 branch of the dungeon, and saw 1 of its levels.

You collected 33 gold pieces.

Inventory:

Hand Weapons
 a - a +0 hand crossbow (weapon)
Missiles
 d - 17 bolts (quivered)
Armour
 e - a +0 robe (worn)
Jewellery
 g - an uncursed ring of protection from fire {unknown}
Scrolls
 f - 2 scrolls of remove curse {unknown}
Potions
 b - a potion of ambrosia {unknown}
 c - a potion of berserk rage {unknown}


   Skills:
 + Level 1.2 Fighting
 + Level 2.7 Crossbows
 + Level 3.0 Dodging
 + Level 1.2 Spellcasting
 + Level 3.2 Hexes


You had 2 spell levels left.
You knew the following spells:

 Your Spells              Type           Power        Failure   Level
a - Corona                Hex            #......      7%          1

Your spell library contained the following spells:

 Spells                   Type           Power        Failure   Level
 Slow                     Hex            #.......     11%         2
 Inner Flame              Hex/Fire       #.......     38%         3
 Portal Projectile        Hex/Tloc       #.....       38%         3
 Cause Fear               Hex            #.........   56%         4
 Leda's Liquefaction      Hex/Erth       #.........   80%         4


Dungeon Overview and Level Annotations

Branches:
Dungeon (1/15)

Altars:


Innate Abilities, Weirdness & Mutations

You are small and have problems with some larger weapons.
You are completely attuned to the shadows.


Message History

The frilled lizard closely misses you. The frilled lizard barely misses you.
The frilled lizard bites you.
* * * LOW HITPOINT WARNING * * *
The frilled lizard closely misses you. The frilled lizard bites you.
* * * LOW HITPOINT WARNING * * *
The frilled lizard barely misses you. The frilled lizard misses you.
The frilled lizard closely misses you.
The frilled lizard completely misses you.
The frilled lizard misses you. The frilled lizard closely misses you.
The frilled lizard closely misses you. The frilled lizard closely misses you.
The frilled lizard bites you but does no damage.
The frilled lizard bites you but does no damage.
The frilled lizard closely misses you. The frilled lizard bites you.
You die...

############
#...........
#......@#
##########......l#.
....................
###..............#.#
#..............#.#
#.....[........#
#..............#
#........####
###........#


You could see a frilled lizard.

Vanquished Creatures
  An ooze (D:1)
  A dart slug (D:1)
  A leopard gecko (D:1)
  3 bats (D:1)
  A kobold (D:1)
  A rat (D:1)
8 creatures vanquished.

Notes
Turn   | Place    | Note
-------+----------+-------------------------------------------
     0 | D:1      | tacoguy the Kobold Arcane Marksman began the quest for the
                  | Orb.
     0 | D:1      | Reached XP level 1. HP: 12/12 MP: 2/2
   214 | D:1      | Reached XP level 2. HP: 3/16 MP: 1/3
   777 | D:1      | Slain by a frilled lizard

Illustrated notes

Levels and vault maps discovered:
D:1:      wheals_arrival_linesprint, layout_basic

Skill      XL: |  1 |
---------------+----+-----
Dodging        | 3 |  3.0
Fighting       | |  1.2
Crossbows      | |  2.7
Spellcasting   | |  1.2
Hexes          | |  3.2

Action                   || total
-------------------------++-------
 Fire: Hand crossbow     ||    20
 Cast: Corona            ||     3
Armor: Robe              ||     6
Dodge: Dodged            ||    42

Table legend: (Time is in decaauts)
 A = Elapsed time spent in this place.
 B = Non-inter-level travel time spent in this place.
 C = Inter-level travel time spent in this place.
 D = Time resting spent in this place.
 E = Time spent auto-exploring this place.
 F = Levels seen in this place.
 G = Mean time per level.
                   A        B        C        D        E       F      G
               +--------+--------+--------+--------+--------+-----+--------+
         Total |    784 |    784 |      0 |    247 |    425 |   1 |  784.0 |
       Dungeon |    784 |    784 |      0 |    247 |    425 |   1 |  784.0 |
               +--------+--------+--------+--------+--------+-----+--------+

Top non-repeatable levels by time:
     D:1: 784 daAuts
